 Dungeon Crawl Stone Soup version bcrawl-1.36.5b (webtiles) character file.

Game seed: 6069671181005644637

15508376 zoran the Stickfighter (level 27, 219/219 HPs)
             Began as a Gnoll Air Elementalist on Sept 18, 2022.
             Was the Champion of Cheibriados.
             Escaped with the Orb
             ... and 3 runes!
             The game lasted 04:33:22 (63189 turns).

zoran the Stickfighter (Gnoll Air Elementalist)    Turns: 63189, Time: 04:33:23

Health: 219/219    AC: 27    Str: 30    XL:     27
Magic:  55/55      EV: 35    Int: 46    God:    Cheibriados [******]
Gold:   5058       SH: 20    Dex: 29    Spells: 3/63 levels left

rFire    + + .     GDR:     48% W - +9 broad axe (freeze)
rCold    + + .     SeeInvis +   H - +4 buckler {reflect} (curse)
rNeg     . . .     Gourm    .   x - +4 faerie dragon scales {+Fly rCorr}
rPois    +         Faith    .   S - +3 hat of Pondering {ponderous, MR+ MP+10 Int+5}
rElec    +         Spirit   .   Q - scarf {rC+ rF+}
rCorr    +         Reflect  +   U - +1 pair of gloves of Kung {rF+}
MR       ++++.     Clarity  +   N - +2 pair of boots
Stlth    +++.......             P - amulet "Binyith" {Reflect MR+ Slay+2 SH+4}
HPRegen  0.46/turn              a - ring "Vagoh" {+Blink rElec rPois SInv}
MPRegen  0.34/turn              t - ring of wizardry

@: studying Staves, very slow
A: distributed training, antennae 1, fangs 1, slimy green scales 2, blurry
vision 1, clumsy 1, cold resistance 1, MP-powered wands, strong nose
0: Orb of Zot
}: 3/15 runes: decaying, slimy, gossamer
a: Bend Time, Defer, Temporal Distortion, Step From Time, Renounce Religion,
Evoke Blink, Evoke Flight


You escaped.
You worshipped Cheibriados.
Cheibriados was exalted by your worship.
You were full.

You visited 10 branches of the dungeon, and saw 46 of its levels.
You also visited: Ice Cave and Wizlab.

You collected 6845 gold pieces.
You spent 1787 gold pieces at shops.

Inventory:

Hand Weapons
 W - a +9 broad axe of freezing (weapon)
Missiles
 B - 8 throwing nets (quivered) {=f}
Armour
 x - the +4 faerie dragon scales (worn) {+Fly rCorr}
   (You took it off the Enchantress on level 2 of the Depths)

   It lets you fly.
   It provides partial protection from all sources of acid and corrosion.
 H - a cursed +4 buckler of reflection (worn)
 N - a +2 pair of boots (worn)
 Q - a scarf of resistance (worn)
 S - the +3 hat of Pondering (worn) {ponderous, MR+ MP+10 Int+5}
   (You bought it in a shop on level 8 of the Dungeon)

   It affects your intelligence (+5).
   It affects your resistance to hostile enchantments.
   It affects your magic capacity (+10).
 U - the +1 pair of gloves of Kung (worn) {rF+}
   (You found it on level 1 of the Depths)

   It protects you from fire.
Jewellery
 a - the ring "Vagoh" (left hand) {+Blink rElec rPois SInv}
   (You acquired it on level 8 of the Dungeon)

   [ring of see invisible]

   It insulates you from electricity.
   It protects you from poison.
   It lets you see invisible.
   It lets you blink.
 t - a ring of wizardry (right hand)
 P - the amulet "Binyith" (around neck) {Reflect MR+ Slay+2 SH+4}
   (You took it off a deep elf elementalist on level 3 of the Elven Halls)

   [amulet of reflection]

   It shields you and reflects attacks.
   It affects your accuracy and damage with ranged weapons and melee attacks
   (+2).
   It affects your resistance to hostile enchantments.
   It affects your SH (+4).
 Z - an uncursed ring of positive energy
Wands
 p - a wand of polymorph (31)
 A - a wand of disintegration (19)
 D - a wand of iceblast (12)
 F - a wand of scattershot (5)
 K - a wand of paralysis (40)
 O - a wand of acid (10)
 T - a wand of digging (1)
Scrolls
 b - 25 scrolls of remove curse
 f - 14 scrolls of teleportation
 g - a scroll of silence
 h - 4 scrolls of fog
 k - 3 scrolls of vulnerability
 l - 4 scrolls of fear
 m - 3 scrolls of immolation
 s - 5 scrolls of amnesia
 J - 6 scrolls of blinking
Potions
 c - 10 potions of flight
 d - 2 potions of lignification
 n - 13 potions of curing
 u - 11 potions of mutation
 w - 10 potions of heal wounds
 z - 2 potions of ambrosia
 E - 2 potions of agility
 G - 3 potions of brilliance
 L - 3 potions of invisibility
 R - 2 potions of resistance
 V - 2 potions of magic
 Y - a potion of cancellation
Miscellaneous
 i - 2 boxes of beasts
 j - a lightning rod (4/4)
 q - a sack of spiders
 r - a lamp of fire
 C - a fan of gales (2/2)
 M - a phial of floods
Comestibles
 e - 25 rations {!d}


   Skills:
 + Level 18.4 Fighting
 + Level 18.4 Short Blades
 + Level 18.4 Long Blades
 + Level 18.4 Axes
 + Level 18.4 Maces & Flails
 + Level 18.4 Polearms
 + Level 20.2 Staves
 + Level 18.4 Slings
 + Level 18.4 Bows
 + Level 18.4 Crossbows
 + Level 18.4 Throwing
 + Level 18.4 Armour
 + Level 18.8 Dodging
 + Level 18.8 Stealth
 + Level 18.4 Shields
 + Level 18.4 Unarmed Combat
 + Level 18.8 Spellcasting
 + Level 16.0 Conjurations
 + Level 15.8 Hexes
 + Level 15.8 Charms
 + Level 15.8 Summonings
 + Level 15.8 Necromancy
 + Level 15.8 Translocations
 + Level 15.8 Transmutations
 + Level 15.8 Fire Magic
 + Level 15.8 Ice Magic
 + Level 16.5 Air Magic
 + Level 15.8 Earth Magic
 + Level 15.8 Poison Magic
 + Level 19.7 Invocations
 + Level 18.4 Evocations


You had 3 spell levels left.
You knew the following spells:

 Your Spells              Type           Power        Failure   Level  Hunger
e - Steam Barrier         Chrm/Fire      ########..   1%          6    None
f - Fire Storm            Conj/Fire      ########..   38%         9    ######.
i - Iron Shot             Conj/Erth      ########..   1%          6    None
l - Dispel Undead         Necr           ########     1%          5    None
o - Mana Rupture          Conj/Hex       ########..   1%          7    ##.....
p - Chain Lightning       Conj/Air       ########..   2%          8    ####...
q - Airstrike             Air            ########..   0%          4    None
r - Regeneration          Chrm/Necr      ########..   0%          3    None
u - Lightning Bolt        Conj/Air       ########..   1%          5    None
w - Freezing Cloud        Ice/Air        ########..   1%          6    None
z - Shock                 Conj/Air       #####        0%          1    None

Your spell library contained the following spells:

 Spells                   Type           Power        Failure   Level  Hunger
 Apportation              Tloc           ######       0%          1    None
 Blink Other              Tloc           ######       0%          1    None
 Corona                   Hex            #######      0%          1    None
 Flame Tongue             Conj/Fire      #####        0%          1    None
 Freeze                   Ice            ######       0%          1    None
 Infusion                 Chrm           ########     0%          1    None
 Magic Dart               Conj           ####         0%          1    None
 Necrotize                Necr           ######       0%          1    None
 Sandblast                Erth           ######       0%          1    None
 Slow                     Hex            ########     0%          1    None
 Sting                    Conj/Pois      ####         0%          1    None
 Summon Butterflies       Summ           ########     0%          1    None
 Summon Small Mammal      Summ           ####         0%          1    None
 Blink                    Tloc           N/A          0%          2    None
 Call Imp                 Summ           ######       0%          2    None
 Ensorcelled Hibernation  Hex/Ice        ######       0%          2    None
 Flaming Arrows           Chrm/Fire      ########     0%          2    None
 Poisonous Vapours        Pois/Air       ######       0%          2    None
 Searing Ray              Conj           ########     0%          2    None
 Shackle                  Hex            ########     0%          2    None
 Song of Slaying          Chrm           ########     0%          2    None
 Sublimation of Blood     Necr           ########..   0%          2    None
 Swiftness                Chrm/Air       ########     0%          2    None
 Throw Frost              Conj/Ice       ######       0%          2    None
 Call Canine Familiar     Summ           ########     0%          3    None
 Confuse                  Hex            ########     0%          3    None
 Conjure Flame            Conj/Fire      ########     0%          3    None
 Dazzling Orbs            Conj/Hex       #######      0%          3    None
 False Image              Hex/Summ       ########     0%          3    None
 Ignite Poison            Fire/Tmut/Pois ########     0%          3    None
 Inner Flame              Hex/Fire       N/A          0%          3    None
 Iskenderun's Mystic Bla  Conj           ########     0%          3    None
 Mephitic Cloud           Conj/Pois/Air  ########     0%          3    None
 Ozocubu's Armour         Chrm/Ice       ########     0%          3    None
 Portal Projectile        Tloc           ######       0%          3    None
 Spectral Weapon          Hex/Chrm       ########     0%          3    None
 Static Discharge         Air            ########     0%          3    None
 Teleport Other           Tloc           ########     0%          3    None
 Tukima's Dance           Hex            ########     0%          3    None
 Vampiric Draining        Necr           ########..   0%          3    None
 Agony                    Necr           ########     0%          4    None
 Animate Dead             Necr           N/A          0%          4    None
 Cause Fear               Hex            ########..   0%          4    None
 Fulminant Prism          Conj/Hex       ########..   0%          4    None
 Ice Form                 Ice/Tmut       ########     0%          4    None
 Olgreb's Toxic Radiance  Pois           ########.    0%          4    None
 Petrify                  Tmut/Erth      ########..   0%          4    None
 Sticky Flame             Conj/Fire      ########     0%          4    None
 Summon Ice Beast         Ice/Summ       ########     0%          4    None
 Summon Scorpions         Summ/Pois      ########     0%          4    None
 Throw Icicle             Conj/Ice       ########     0%          4    None
 Yara's Violent Unravell  Hex/Tmut       ########..   0%          4    None
 Bolt of Draining         Conj/Necr      ########..   1%          5    None
 Fireball                 Conj/Fire      ########..   1%          5    None
 Irradiate                Conj/Tmut      ########..   1%          5    None
 Iskenderun's Battlesphe  Conj/Chrm      ########     1%          5    None
 Summon Lightning Spire   Summ/Air       ########     1%          5    None
 Summon Mana Viper        Hex/Summ       ########     1%          5    None
 Venom Bolt               Conj/Pois      ########..   1%          5    None
 Simulacrum               Ice/Necr       ########     1%          6    None
 Summon Hydra             Summ           ########..   1%          6    None
 Monstrous Menagerie      Summ           ########..   1%          7    ##.....
 Shatter                  Erth           ########..   38%         9    ######.
 Passage of Golubria      Tloc           Unusable     N/A         5    N/A

Dungeon Overview and Level Annotations

Branches:
Dungeon (12/12)            Temple (0/1) D:4            Lair (6/6) D:7
  Swamp (3/3) Lair:3       Spider (3/3) Lair:3        Slime (5/5) Lair:6
    Orc (1/1) D:10            Elf (3/3) Orc          Vaults (3/3) D:11
  Crypt (0/2) Vaults:1     Depths (5/5) D:12            Zot (5/5) Depths:5
 Shoals: Lair:2-4     Snake: Lair:2-4

Altars:
Ashenzari
Cheibriados
Fedhas
Hepliaklqana
Kikubaaqudgha
Nemelex Xobeh
Qazlal
Ru
Trog
Uskayaw
Yredelemnul
Zin
The Shining One
Jiyva

Shops:
D:4 *   D:8 [*   D:9 (   Orc ![?(   Elf:1 =   Vaults:2 [   Depths:1 ([
Depths:2 *   Depths:5 *}==

Portals:
Hell: Depths:1 Depths:2 Depths:3 Depths:4 Depths:5
Abyss: Depths:4 Depths:5
Pandemonium: Depths:1 Depths:2 Depths:3 Depths:4 Depths:5
Ziggurat: Depths:3

Annotations:
D:10 Erolcha
Elf:3 3 runed translucent doors, zoran's ghost, adept DgAc
Depths:1 exclusion: Mara
Zot:3 exclusions: downstairs and 1 more exclusion, Tiamat
Zot:4 exclusion: 2 upstairs
Zot:5 exclusion: 2 upstairs


Innate Abilities, Weirdness & Mutations

Your experience applies equally to all skills.
You have very sharp teeth.
Your uncanny sense of smell can sniff out nearby items.
You have a pair of small antennae on your head.
You are mostly covered in slimy green scales. (AC +3)
Scrolls take you a little longer to read.
You are clumsy. (Dex -2)
Your flesh is cold resistant. (rC+)
You expend magic power (3 MP) to strengthen your wands.


Message History

You climb upwards.
There is a stone staircase leading down here.
There is a stone staircase leading up here.
You climb upwards.
There is a stone staircase leading down here.
There is a stone staircase leading up here.
You climb upwards.
There is a stone staircase leading down here.
There is a stone staircase leading up here.
You climb upwards.
There is a stone staircase leading down here.
There is a stone staircase leading up here.
You climb upwards.
There is a stone staircase leading down here.
There is a staircase leading out of the dungeon here.
Casting: Iron Shot (safe; 1% risk of failure)
Confirm with . or Enter, or press ? or * to list all spells.
Okay, then.
The power of the Orb breaks the dimensional shunt like a soap bubble!
You have escaped!

.....#.....#
.....#.....#
...........#
.....#.....# ###
.....#.....#####.###
#.####.............##
..# #######........#
.## #........# .#
#....@...# .#
#........# ##
#........# #
#.......## #
##....### # ###### #
# #


There were no monsters in sight!

Vanquished Creatures
  the Royal Jelly (Slime:5)
  Dissolution (Slime:1)
  4 orbs of fire
  7 ancient liches (Zot:5)
  Sojobo (Depths:4)
  Margery (Vaults:2)
  Bai Suzhen (Swamp:2)
  Saint Roka (Depths:2)
  7 Killer Klowns
  10 golden dragons
  3 curse toes
  Jory (Depths:3)
  Gastronok (Lair:3)
  Nikola (Elf:2)
  4 rockslimes
  the Enchantress (Depths:2)
  4 bone dragons
  An electric golem (Zot:5)
  An Orb Demon (Zot:3)
  12 tentacled monstrosities
  A Hell Sentinel (D:10)
  26 Orb Guardians
  A deep elf blademaster (Elf:3)
  2 liches (Depths:3)
  10 quicksilver dragons
  A titan (shapeshifter) (Depths:5)
  Asterion (Depths:1)
  A titan (Depths:4)
  A deep elf master archer (Elf:3)
  28 acid blobs
  9 death cobs
  A sphinx (Depths:3)
  6 tengu reavers
  9 shadow dragons
  6 draconian monks
  14 storm dragons
  3 thorn hunters
  Donald (Spider:2)
  2 fire giants
  6 frost giants
  A balrug (Depths:2)
  5 azure jellies (Slime:5)
  3 draconian knights
  12 deep elf sorcerers (Elf:3)
  3 iron dragons (Depths:4)
  5 vault wardens
  A war gargoyle (Vaults:2)
  5 ghost moths
  4 orc warlords
  4 emperor scorpions
  A deep elf elementalist (Elf:3)
  4 draconian stormcallers
  Aizul (Spider:2)
  3 ironheart preservers
  24 stone giants
  4 draconian annihilators
  2 draconian shifters (Zot:2)
  7 spriggan defenders
  An eye of devastation (shapeshifter) (Depths:3)
  2 eyes of devastation
  A reaper (Depths:3)
  12 very ugly things
  6 draconian scorchers
  13 green draconians
  A juggernaut skeleton (D:12)
  2 vampire knights (Depths:2)
  2 deep elf demonologists
  10 black draconians
  6 spark wasps
  8 deep elf annihilators
  5 white draconians
  4 entropy weavers
  A lorocyproca (D:9)
  15 dire elephants
  9 yellow draconians
  38 purple draconians
  7 ettins
  11 red draconians
  A merfolk impaler (Depths:5)
  6 deep elf death magi (Elf:3)
  A blizzard demon (Depths:4)
  Snorg (D:11)
  Josephine (D:12)
  9 statues (WizLab)
  2 jiangshi (Depths:2)
  12 fire dragons
  4 yaktaur captains
  6 deep elf high priests
  A hell beast (Depths:5)
  20 hydras
  2 ghost crabs
  13 vault guards
  8 rakshasas
  2 shambling mangroves
  2 anacondas (Lair:6)
  18 ice dragons
  A catoblepas (Lair:6)
  4 spriggan air magi
  Harold (Orc)
  5 ogre magi
  11 death oozes
  14 two-headed ogres
  29 dancing weapons
  2 tengu warriors (Depths:3)
  9 great orbs of eyes
  5 deep troll earth magi
  A hell hog (Depths:3)
  5 alligators
  7 death scarabs (Spider:3)
  5 deep troll shamans
  A vampire mage (Depths:2)
  4 ironheart beastmasters
  8 spriggan berserkers
  6 orc high priests
  A titan zombie (Depths:3)
  2 sun demons
  3 soul eaters
  Sonja (Lair:1)
  A fire crab (shapeshifter) (Elf:2)
  16 hell knights
  A sixfirhy (D:11)
  20 deep trolls
  24 deep elf knights
  12 centaur warriors
  2 skeletal warriors
  A goliath frog (Swamp:1)
  2 flayed ghosts
  8 swamp dragons
  A gelid demonspawn (Depths:2)
  3 glowing orange brains
  A torturous demonspawn (Depths:5)
  4 spriggan druids
  An orange crystal statue (Spider:1)
  2 wolf spider zombies
  5 ironheart convokers
  3 phantasmal warriors
  4 wizards
  9 deep elf archers
  A shadow dragon zombie (D:12)
  11 orb spiders
  4 spectral wolf spiders (Spider:3)
  9 orc knights
  3 cyclopes
  73 deep elf magi
  9 orc sorcerers
  17 wolf spiders
  A harpy (shapeshifter) (Vaults:1)
  A fire giant zombie (D:12)
  13 ugly things
  7 shining eyes
  3 manticores
  An iron dragon zombie (Depths:3)
  23 moths of wrath
  6 necromancers
  A stone giant zombie (Depths:2)
  6 will-o'-wisps (Swamp:3)
  A black mamba (shapeshifter) (Elf:3)
  26 elephants
  A fire giant skeleton (Depths:3)
  An iron dragon skeleton (Depths:3)
  A stone giant skeleton (Depths:2)
  14 cane toads
  An ice statue (IceCv)
  3 vault sentinels (Vaults:1)
  A gargoyle (D:10)
  3 black mambas
  A yaktaur zombie (D:12)
  A cane toad (shapeshifter) (Depths:2)
  2 kobold demonologists (Swamp:2)
  A torpor snail (Spider:3)
  2 ice devils
  21 yaktaurs
  6 demonic crawlers
  10 komodo dragons
  4 rime drakes
  3 freezing wraiths
  A hellwing (Depths:5)
  38 jumping spiders
  An eye of draining (D:11)
  A komodo dragon (shapeshifter) (Vaults:1)
  8 spectral jumping spiders (Spider:3)
  3 red devils
  A golden dragon simulacrum (Depths:3)
  2 harpy zombies
  5 trolls
  16 polar bears
  A tengu simulacrum (Depths:2)
  4 tyrant leeches
  A hornet (shapeshifter) (Vaults:2)
  2 wind drakes (shapeshifter)
  24 hornets
  Grinder (D:5)
  10 bog bodies
  87 slime creatures
  4 spectral tarantellas (Spider:3)
  10 blink frogs
  A harpy skeleton (D:9)
  3 spectral redbacks (Spider:3)
  2 tarantella zombies (Spider:3)
  7 hippogriffs
  A fire giant simulacrum (Depths:3)
  3 stone giant simulacra
  A meliai zombie (D:12)
  4 dream sheep
  19 tarantellas
  A tarantella (shapeshifter) (Depths:2)
  A wyvern (Lair:3)
  3 shadows (D:12)
  5 wraiths
  29 spriggans
  3 water elementals
  49 yaks
  A ynoxinul (Depths:4)
  A yak (shapeshifter) (Depths:1)
  2 air elementals (Elf:1)
  4 fire elementals
  A chaos spawn (Depths:5)
  9 golden eyes
  12 vampire mosquitoes
  69 redbacks
  A steam dragon (D:10)
  5 basilisks
  9 swamp worms
  6 two-headed ogre zombies (D:10)
  5 wargs
  17 crocodiles
  10 water moccasins
  3 acid dragons
  12 hell hounds
  2 floating eyes (Depths:2)
  15 porcupines
  11 swamp drakes
  A jumping spider zombie (Spider:3)
  2 ice beasts
  A large abomination (Zot:3)
  43 orc warriors
  4 soldier ants
  9 sky beasts
  A black bear (Lair:2)
  2 phantoms
  A hornet zombie (D:12)
  17 boggarts
  A redback zombie (Spider:3)
  33 ogres
  13 wolves
  13 bullfrogs
  4 kobold brigands
  A gnoll sergeant (D:12)
  2 earth elementals (Elf:1)
  8 centaurs
  4 scorpions
  10 wights
  A howler monkey (D:5)
  30 orc priests
  7 crimson imps
  5 hounds
  3 quasits (Depths:2)
  2 bullfrog skeletons (D:5)
  8 jellies
  29 orc wizards
  Crazy Yiuf (D:2)
  3 iron imps
  2 iguanas
  14 worker ants
  7 hell rats
  A porcupine skeleton (D:10)
  A hound skeleton (D:7)
  A worker ant zombie (D:7)
  A howler monkey skeleton (D:3)
  11 adders
  12 gnolls
  4 shadow imps
  2 white imps (Depths:2)
  2 adder zombies
  3 worms
  5 dart slugs
  3 leopard geckos
  110 orcs
  4 giant cockroaches
  5 goblins
  7 hobgoblins
  5 jackals
  9 quokkas
  A ball python (D:2)
  5 bats
  A frilled lizard (D:2)
  A jackal skeleton (D:5)
  17 kobolds
  5 rats
  A spectral orc (D:4)
  6 plants
2133 creatures vanquished.

Vanquished Creatures (collateral kills)
  A juggernaut (Depths:5)
  2 Killer Klowns
  A golden dragon (Zot:5)
  A bone dragon (Zot:3)
  An electric golem (Zot:5)
  A tentacled monstrosity (Zot:2)
  A fire giant (Depths:5)
  A white draconian (Zot:2)
  A black draconian (Zot:2)
  A hell knight (Vaults:2)
  A chaos spawn (Depths:4)
12 creatures vanquished.

Vanquished Creatures (others)
  Mara (Depths:1)
  An acid blob (Slime:5)
  A death cob (Zot:2)
  A frost giant (Depths:4)
  2 azure jellies (Slime:5)
  2 draconian knights (Zot:2)
  8 stone giants
  A black draconian (Zot:4)
  An entropy weaver (Spider:1)
  A yaktaur captain (Depths:1)
  14 vault guards (Vaults:3)
  A queen ant (Spider:1)
  6 death oozes (Slime:5)
  A tengu warrior (Depths:5)
  A death scarab (Spider:3)
  12 centaur warriors
  A wolf spider zombie (Spider:3)
  A wolf spider (Spider:3)
  2 moths of wrath (Zot:5)
  12 yaktaurs
  A spectral tarantella (Spider:3)
  A water elemental (Elf:3)
  5 yaks (IceCv)
  13 soldier ants (Spider:1)
  A spectral hornet (Spider:3)
  A hornet zombie (Spider:3)
  A human (D:8)
  2 centaurs
  14 worker ants (Spider:1)
  2 fire vortices (Zot:5)
  21 fungi
  15 plants
  3 withered plants (D:12)
150 creatures vanquished.

Grand Total: 2295 creatures vanquished

Notes
Turn   | Place    | Note
-------+----------+-------------------------------------------
     0 | D:1      | zoran the Gnoll Air Elementalist began the quest for the
                  | Orb.
     0 | D:1      | Reached XP level 1. HP: 13/13 MP: 6/6
   141 | D:1      | Reached XP level 2. HP: 19/19 MP: 5/7
   165 | D:1      | Learned a level 2 spell: Swiftness
   538 | D:2      | Reached XP level 3. HP: 25/25 MP: 6/9
   552 | D:2      | Reached skill level 5 in Spellcasting
   711 | D:2      | Found a snail-covered altar of Cheibriados.
   719 | D:2      | Became a worshipper of Cheibriados the Contemplative
   745 | D:2      | Reached skill level 1 in Invocations
  1078 | D:2      | Found a runed door.
  1082 | D:2      | Noticed Crazy Yiuf
  1089 | D:2      | Killed Crazy Yiuf
  1090 | D:2      | Reached skill level 1 in Fighting
  1090 | D:2      | Reached skill level 1 in Short Blades
  1090 | D:2      | Reached skill level 1 in Long Blades
  1090 | D:2      | Reached skill level 1 in Axes
  1090 | D:2      | Reached skill level 1 in Maces & Flails
  1090 | D:2      | Reached skill level 1 in Polearms
  1090 | D:2      | Reached skill level 1 in Staves
  1090 | D:2      | Reached skill level 1 in Slings
  1090 | D:2      | Reached skill level 1 in Bows
  1090 | D:2      | Reached skill level 1 in Crossbows
  1090 | D:2      | Reached skill level 1 in Throwing
  1090 | D:2      | Reached skill level 1 in Armour
  1090 | D:2      | Reached skill level 1 in Shields
  1090 | D:2      | Reached skill level 1 in Unarmed Combat
  1090 | D:2      | Reached skill level 1 in Evocations
  1090 | D:2      | Reached XP level 4. HP: 13/32 MP: 3/11
  1303 | D:3      | Learned a level 4 spell: Airstrike
  1307 | D:3      | Learned a level 3 spell: Static Discharge
  1322 | D:3      | Noticed an ogre
  1333 | D:3      | Killed an ogre
  1334 | D:3      | Reached skill level 1 in Hexes
  1334 | D:3      | Reached skill level 1 in Charms
  1334 | D:3      | Reached skill level 1 in Summonings
  1334 | D:3      | Reached skill level 1 in Necromancy
  1334 | D:3      | Reached skill level 1 in Translocations
  1334 | D:3      | Reached skill level 1 in Transmutations
  1334 | D:3      | Reached skill level 1 in Fire Magic
  1334 | D:3      | Reached skill level 1 in Ice Magic
  1334 | D:3      | Reached skill level 1 in Earth Magic
  1334 | D:3      | Reached skill level 1 in Poison Magic
  1334 | D:3      | Reached XP level 5. HP: 37/37 MP: 5/12
  1370 | D:3      | Noticed a bullfrog
  1376 | D:3      | Killed a bullfrog
  1377 | D:3      | Reached XP level 6. HP: 27/44 MP: 2/13
  1448 | D:3      | Learned a level 5 spell: Lightning Bolt
  1566 | D:3      | Reached * piety under Cheibriados
  1655 | D:3      | Gained mutation: You are resistant to electric shocks.
                  | (rElec) [potion of mutation]
  1655 | D:3      | Gained mutation: Your spells are a little easier to cast,
                  | but a little less powerful. [potion of mutation]
  1655 | D:3      | Gained mutation: You are covered in fur. (AC +1) [potion of
                  | mutation]
  1975 | D:3      | Found a shattered altar of Ashenzari.
  2273 | D:3      | Reached skill level 5 in Dodging
  2273 | D:3      | Reached skill level 5 in Stealth
  2299 | D:3      | Reached skill level 2 in Staves
  2474 | D:4      | Found a staircase to the Ecumenical Temple.
  2650 | D:4      | Found Xogediux's General Store.
  2664 | D:4      | Bought a scroll of identify for 28 gold pieces
  2664 | D:4      | Bought a potion of curing for 35 gold pieces
  2819 | D:4      | Reached XP level 7. HP: 50/50 MP: 9/15
  3042 | D:4      | Found a hazy altar of Hepliaklqana.
  3047 | D:4      | Reached ** piety under Cheibriados
  3507 | D:5      | Entered Level 5 of the Dungeon
  3507 | D:5      | Noticed a hippogriff
  3512 | D:5      | Killed a hippogriff
  3513 | D:5      | Reached XP level 8. HP: 55/57 MP: 1/16
  3716 | D:5      | Reached skill level 3 in Staves
  4497 | D:5      | Reached *** piety under Cheibriados
  4673 | D:5      | Noticed Grinder
  4683 | D:5      | Reached XP level 9. HP: 65/65 MP: 14/18
  4704 | D:5      | Killed Grinder
  4928 | D:6      | Found a glowing golden altar of the Shining One.
  4988 | D:6      | Reached skill level 4 in Staves
  5445 | D:6      | Found an ancient bone altar of Kikubaaqudgha.
  5830 | D:6      | Found a sparkling altar of Nemelex Xobeh.
  6196 | D:7      | Got a warped crystal amulet
  6198 | D:7      | Identified the cursed amulet "Urivaitu" {Inacc Int+3} (You
                  | found it on level 7 of the Dungeon)
  6210 | D:7      | Reached **** piety under Cheibriados
  6261 | D:7      | Reached skill level 5 in Invocations
  6291 | D:7      | Noticed a troll
  6299 | D:7      | Killed a troll
  6303 | D:7      | Reached XP level 10. HP: 19/73 MP: 2/20
  6528 | D:7      | Found a sacrificial altar of Ru.
  6661 | D:7      | Reached skill level 5 in Fighting
  6661 | D:7      | Reached skill level 5 in Short Blades
  6661 | D:7      | Reached skill level 5 in Long Blades
  6661 | D:7      | Reached skill level 5 in Axes
  6661 | D:7      | Reached skill level 5 in Maces & Flails
  6661 | D:7      | Reached skill level 5 in Polearms
  6661 | D:7      | Reached skill level 5 in Staves
  6661 | D:7      | Reached skill level 5 in Slings
  6661 | D:7      | Reached skill level 5 in Bows
  6661 | D:7      | Reached skill level 5 in Crossbows
  6661 | D:7      | Reached skill level 5 in Throwing
  6661 | D:7      | Reached skill level 5 in Armour
  6661 | D:7      | Reached skill level 5 in Shields
  6661 | D:7      | Reached skill level 5 in Unarmed Combat
  6661 | D:7      | Reached skill level 5 in Evocations
  7224 | D:7      | Found a staircase to the Lair.
  7231 | Lair:1   | Entered Level 1 of the Lair of Beasts
  7461 | Lair:1   | Noticed a cane toad
  7469 | Lair:1   | Killed a cane toad
  7470 | Lair:1   | Reached skill level 5 in Conjurations
  7521 | Lair:1   | Noticed a cane toad
  7528 | Lair:1   | Killed a cane toad
  7799 | Lair:1   | Noticed a cane toad
  7803 | Lair:1   | Killed a cane toad
  7942 | Lair:1   | Reached XP level 11. HP: 81/81 MP: 14/22
  8052 | Lair:1   | Noticed Sonja
  8055 | Lair:1   | Killed Sonja
  8056 | Lair:1   | Reached skill level 6 in Staves
  8062 | Lair:1   | Reached skill level 5 in Hexes
  8062 | Lair:1   | Reached skill level 5 in Charms
  8062 | Lair:1   | Reached skill level 5 in Summonings
  8062 | Lair:1   | Reached skill level 5 in Necromancy
  8062 | Lair:1   | Reached skill level 5 in Translocations
  8062 | Lair:1   | Reached skill level 5 in Transmutations
  8062 | Lair:1   | Reached skill level 5 in Fire Magic
  8062 | Lair:1   | Reached skill level 5 in Ice Magic
  8062 | Lair:1   | Reached skill level 5 in Earth Magic
  8062 | Lair:1   | Reached skill level 5 in Poison Magic
  8450 | Lair:2   | Reached ***** piety under Cheibriados
  9738 | Lair:2   | Reached XP level 12. HP: 75/89 MP: 24/24
 10164 | Lair:3   | Found a staircase to the Swamp.
 10258 | Lair:3   | Noticed Gastronok
 10457 | Lair:3   | Learned a level 3 spell: Regeneration
 10548 | Lair:3   | Got a brightly glowing whip
 10550 | Lair:3   | Found a hole to the Spider Nest.
 10669 | Lair:3   | Reached skill level 7 in Staves
 10921 | Lair:3   | Identified the +6 whip of Makhleb's Envy {venom, rN+ MR++}
                  | (You found it on level 3 of the Lair of Beasts)
 11315 | Lair:3   | Killed Gastronok
 11504 | Lair:4   | Noticed an alligator
 11525 | Lair:4   | Killed an alligator
 11602 | Lair:4   | Learned a level 6 spell: Freezing Cloud
 11950 | Lair:4   | Reached XP level 13. HP: 97/98 MP: 26/26
 12437 | Lair:5   | Reached ****** piety under Cheibriados
 12440 | Lair:5   | Reached skill level 8 in Staves
 13400 | Lair:5   | Learned a level 6 spell: Steam Barrier
 13683 | Lair:6   | Entered Level 6 of the Lair of Beasts
 13923 | Lair:6   | Reached skill level 10 in Spellcasting
 14023 | Lair:6   | Reached XP level 14. HP: 94/106 MP: 23/28
 14318 | Lair:6   | Reached skill level 10 in Dodging
 14318 | Lair:6   | Reached skill level 10 in Stealth
 14468 | Lair:6   | Reached skill level 9 in Staves
 14545 | Lair:6   | Found a runed door.
 14629 | Lair:6   | Found a viscous altar of Jiyva.
 14630 | Lair:6   | Noticed an acid blob
 14630 | Lair:6   | Noticed an acid blob
 14633 | Lair:6   | Found a staircase to the Slime Pits.
 15281 | D:8      | Found a hazy altar of Hepliaklqana.
 15316 | D:8      | Got a glittering copper ring
 15365 | D:8      | Found an ancient bone altar of Kikubaaqudgha.
 15381 | D:8      | Found Ethahi Ycer's Assorted Antiques.
 15384 | D:8      | Found Cheibriados's Comfort Zone.
 15386 | D:8      | Found a snail-covered altar of Cheibriados.
 15398 | D:8      | Bought a scroll of identify for 52 gold pieces
 15398 | D:8      | Bought a scroll labeled HEAMAS AGAFAR for 26 gold pieces
 15398 | D:8      | Bought a scroll of identify for 52 gold pieces
 15398 | D:8      | Bought a scroll labeled ETOUCZ LEWOI for 26 gold pieces
 15398 | D:8      | Bought a scroll of immolation for 91 gold pieces
 15398 | D:8      | Identified a scroll of acquirement
 15400 | D:8      | Identified the +3 cloak of Eternity {rElec Str+2} (You
                  | acquired it on level 8 of the Dungeon)
 15400 | D:8      | Identified the ring "Vagoh" {+Blink rElec rPois SInv} (You
                  | acquired it on level 8 of the Dungeon)
 15400 | D:8      | Identified Gepremia's Tome of the Supportive Oath (You
                  | acquired it on level 8 of the Dungeon)
 15402 | D:8      | Identified the cursed ring of Cuomp {+Fly Stlth--} (You
                  | found it on level 8 of the Dungeon)
 15428 | D:8      | Bought the +3 hat of Pondering {ponderous, MR+ MP+10 Int+5}
                  | for 381 gold pieces
 15428 | D:8      | Found the +3 hat of Pondering {ponderous, MR+ MP+10 Int+5}
 15835 | D:8      | Found a stormy altar of Qazlal.
 15836 | D:8      | Found a hide-covered altar of Uskayaw.
 16091 | D:9      | Lost mutation: Your spells are a little easier to cast, but
                  | a little less powerful. [potion of mutation]
 16091 | D:9      | Lost mutation: You are resistant to electric shocks.
                  | (rElec) [potion of mutation]
 16091 | D:9      | Gained mutation: Your flesh is cold resistant. (rC+)
                  | [potion of mutation]
 16091 | D:9      | Gained mutation: Your body sometimes deteriorates upon
                  | taking damage. [potion of mutation]
 16091 | D:9      | Gained mutation: You possess an exceptional clarity of
                  | mind. [potion of mutation]
 16091 | D:9      | Gained mutation: You are resistant to electric shocks.
                  | (rElec) [potion of mutation]
 16095 | D:9      | Lost mutation: Your flesh is cold resistant. (rC+) [potion
                  | of mutation]
 16095 | D:9      | Lost mutation: You are resistant to electric shocks.
                  | (rElec) [potion of mutation]
 16095 | D:9      | Lost mutation: You possess an exceptional clarity of mind.
                  | [potion of mutation]
 16095 | D:9      | Gained mutation: You have sharp toenails. [potion of
                  | mutation]
 16095 | D:9      | Gained mutation: You have razor-sharp toenails. [potion of
                  | mutation]
 16095 | D:9      | Gained mutation: You are agile. (Dex +2) [potion of
                  | mutation]
 16096 | D:9      | Lost mutation: You have razor-sharp toenails. [potion of
                  | mutation]
 16096 | D:9      | Lost mutation: Your body sometimes deteriorates upon taking
                  | damage. [potion of mutation]
 16096 | D:9      | Lost mutation: You are agile. (Dex +2) [potion of mutation]
 16096 | D:9      | Lost mutation: You are covered in fur. (AC +1) [potion of
                  | mutation]
 16096 | D:9      | Gained mutation: You are covered in fur. (AC +1) [potion of
                  | mutation]
 16131 | D:9      | Found a viscous altar of Jiyva.
 16470 | D:9      | Found a glowing silver altar of Zin.
 16471 | D:9      | Found a glowing golden altar of the Shining One.
 16473 | D:9      | Found a blossoming altar of Fedhas.
 16523 | D:9      | Found Touw's Antique Weapon Shoppe.
 16988 | D:10     | Entered Level 10 of the Dungeon
 17571 | D:10     | Reached skill level 10 in Invocations
 17576 | D:10     | Got a scorched spear
 17741 | D:10     | Found a staircase to the Orcish Mines.
 18177 | Orc      | Entered the Orcish Mines
 18179 | Orc      | Noticed Harold
 18190 | Orc      | Killed Harold
 18885 | Orc      | Found a roughly hewn altar of Beogh.
 18918 | Orc      | Found Hawny's Magic Scroll Boutique.
 18940 | Orc      | Bought a scroll of identify for 26 gold pieces
 18940 | Orc      | Bought a scroll of magic mapping for 45 gold pieces
 18940 | Orc      | Bought a scroll of identify for 26 gold pieces
 18940 | Orc      | Bought a scroll of identify for 26 gold pieces
 18943 | Orc      | Bought a scroll of identify for 26 gold pieces
 18954 | Orc      | Found Qefaut's Weapon Shop.
 19367 | Orc      | Noticed an orc warlord
 19381 | Orc      | Killed an orc warlord
 19382 | Orc      | Reached XP level 15. HP: 70/114 MP: 4/29
 19982 | Orc      | Identified the Tome of Flying Sinister Rituals
 20108 | Orc      | Found a staircase to the Elven Halls.
 20376 | Orc      | Found Vage's Armour Emporium.
 20506 | Orc      | Found a roughly hewn altar of Beogh.
 20643 | Orc      | Found Wuiluet's Distillery.
 20699 | Orc      | Bought a potion of cancellation for 65 gold pieces
 20699 | Orc      | Bought a potion of curing for 32 gold pieces
 20699 | Orc      | Bought a potion of curing for 32 gold pieces
 20699 | Orc      | Bought 2 potions of curing for 65 gold pieces
 21586 | Lair:6   | Identified the Almanac of Stones
 21595 | Lair:6   | Learned a level 6 spell: Iron Shot
 21687 | Lair:6   | Reached skill level 10 in Air Magic
 21948 | Swamp:1  | Entered Level 1 of the Swamp
 21986 | Swamp:2  | Got a clouded steel ring
 22031 | Swamp:2  | Noticed a thorn hunter
 22034 | Swamp:2  | Killed a thorn hunter
 22062 | Swamp:2  | Reached skill level 10 in Fighting
 22062 | Swamp:2  | Reached skill level 10 in Short Blades
 22062 | Swamp:2  | Reached skill level 10 in Long Blades
 22062 | Swamp:2  | Reached skill level 10 in Axes
 22062 | Swamp:2  | Reached skill level 10 in Maces & Flails
 22062 | Swamp:2  | Reached skill level 10 in Polearms
 22062 | Swamp:2  | Reached skill level 10 in Staves
 22062 | Swamp:2  | Reached skill level 10 in Slings
 22062 | Swamp:2  | Reached skill level 10 in Bows
 22062 | Swamp:2  | Reached skill level 10 in Crossbows
 22062 | Swamp:2  | Reached skill level 10 in Throwing
 22062 | Swamp:2  | Reached skill level 10 in Armour
 22062 | Swamp:2  | Reached skill level 10 in Shields
 22062 | Swamp:2  | Reached skill level 10 in Unarmed Combat
 22062 | Swamp:2  | Reached skill level 10 in Evocations
 22062 | Swamp:2  | Noticed Bai Suzhen
 22618 | Swamp:1  | Identified the amulet of Scepticism {Reflect MR+ SH+3}
 23033 | Swamp:2  | Killed Bai Suzhen
 23034 | Swamp:2  | Reached XP level 16. HP: 62/123 MP: 5/31
 23296 | Swamp:3  | Entered Level 3 of the Swamp
 23296 | Swamp:3  | Noticed a thorn hunter
 23452 | Swamp:3  | Noticed a thorn hunter
 23535 | Swamp:3  | Killed a thorn hunter
 23814 | Swamp:3  | Identified the ring of Wuerop {Fire Dex+3} (You found it on
                  | level 2 of the Swamp)
 23977 | Swamp:3  | Killed a thorn hunter
 24377 | Swamp:3  | Got a decaying rune of Zot
 24521 | Spider:1 | Entered Level 1 of the Spider Nest
 24816 | Spider:1 | Reached skill level 11 in Staves
 25005 | Spider:1 | Reached XP level 17. HP: 131/131 MP: 33/33
 25045 | Spider:2 | Noticed Aizul
 25853 | Spider:2 | Killed Aizul
 26140 | Spider:2 | Noticed Donald
 26329 | Spider:2 | Killed Donald
 26343 | Spider:2 | Reached skill level 10 in Conjurations
 26550 | Spider:3 | Entered Level 3 of the Spider Nest
 26916 | Spider:3 | Learned a level 5 spell: Dispel Undead
 26987 | Spider:3 | Identified the ring "Urchajo" {rF- Str+4 Int+9 SInv} (You
                  | acquired it on level 3 of the Spider Nest)
 26987 | Spider:3 | Identified Wupp's Almanac of Twisted Companions (You
                  | acquired it on level 3 of the Spider Nest)
 27361 | Spider:3 | Reached skill level 10 in Hexes
 27361 | Spider:3 | Reached skill level 10 in Charms
 27361 | Spider:3 | Reached skill level 10 in Summonings
 27361 | Spider:3 | Reached skill level 10 in Necromancy
 27361 | Spider:3 | Reached skill level 10 in Translocations
 27361 | Spider:3 | Reached skill level 10 in Transmutations
 27361 | Spider:3 | Reached skill level 10 in Fire Magic
 27361 | Spider:3 | Reached skill level 10 in Ice Magic
 27361 | Spider:3 | Reached skill level 10 in Earth Magic
 27361 | Spider:3 | Reached skill level 10 in Poison Magic
 27542 | Spider:3 | Reached XP level 18. HP: 122/139 MP: 34/34
 27594 | Spider:3 | Found a huge runed gate.
 27594 | Spider:3 | Found a huge runed gate.
 27594 | Spider:3 | Found a huge runed gate.
 27594 | Spider:3 | Found a huge runed gate.
 27595 | Spider:3 | Found a huge runed gate.
 28029 | Spider:3 | Got a gossamer rune of Zot
 28319 | D:11     | Found a gate to the Vaults.
 28319 | D:11     | Noticed Snorg
 28329 | D:11     | Killed Snorg
 28403 | D:11     | Found a frozen archway.
 28432 | IceCv    | Entered an ice cave
 28550 | IceCv    | Reached skill level 12 in Staves
 29801 | D:12     | Entered Level 12 of the Dungeon
 30152 | D:12     | Noticed Josephine
 30218 | D:12     | Killed Josephine
 30388 | D:12     | Found a staircase to the Depths.
 31045 | D:12     | Found a bloodstained altar of Trog.
 31242 | Vaults:1 | Entered Level 1 of the Vaults
 31735 | Vaults:1 | Reached XP level 19. HP: 133/147 MP: 36/36
 32928 | Vaults:1 | Found a staircase to the Crypt.
 32928 | Vaults:1 | Found an ancient bone altar of Kikubaaqudgha.
 32928 | Vaults:1 | Found a basalt altar of Yredelemnul.
 33460 | Vaults:2 | Found Vusm's Antique Armour Boutique.
 34883 | Vaults:2 | Noticed Margery
 34897 | Vaults:2 | Killed Margery
 35038 | Vaults:2 | Reached XP level 20. HP: 144/155 MP: 24/37
 35437 | Vaults:2 | Reached skill level 13 in Staves
 35883 | Elf:1    | Entered Level 1 of the Elven Halls
 35976 | Elf:1    | Found Meaf's Jewellery Boutique.
 37404 | Elf:2    | Found a magical portal.
 37427 | WizLab   | Entered Iskenderun's Mystic Tower
 38846 | WizLab   | Identified Iskenderun's Papyrus of Arcane Weapons
 38846 | WizLab   | Identified Iskenderun's Catalogue of Combat Magic
 38863 | WizLab   | Identified the Almanac of Enthralling Cold
 39125 | Elf:2    | Found a runed gate.
 39125 | Elf:2    | Found a runed gate.
 39421 | Elf:2    | Found a runed gate.
 39717 | Elf:2    | Noticed Nikola
 39802 | Elf:2    | Killed Nikola
 39857 | Elf:2    | Reached XP level 21. HP: 147/163 MP: 39/39
 40297 | Elf:3    | Entered Level 3 of the Elven Halls
 40715 | Elf:3    | Noticed zoran's ghost (adept DgAc)
 40723 | Elf:3    | Found a runed translucent gate.
 40723 | Elf:3    | Found a runed translucent gate.
 40723 | Elf:3    | Found a runed translucent gate.
 41509 | Elf:3    | Identified the cursed ring "Cigio" {Fire MR+ Str+2}
 41521 | Elf:3    | Identified the ring "Ohayt" {+Fly rPois rC+ MR++ Int-2}
 41550 | Elf:3    | Identified the cursed +0 ring mail "Acydoab" {+Inv MR-
                  | Dex+3}
 41687 | Elf:3    | Identified the +10 spear of the Gibberer {venom, rElec
                  | rPois Stlth-}
 41687 | Elf:3    | Identified the amulet "Binyith" {Reflect MR+ Slay+2 SH+4}
 41804 | Elf:3    | Reached skill level 15 in Invocations
 41952 | Elf:3    | Identified the amulet "Wisaoven" {RegenMP *Corrode rC+
                  | Int+8}
 42308 | Elf:3    | Identified the Catalogue of Benedictions
 42312 | Elf:3    | Identified the cursed +0 ring mail of Gestures {rElec MR-
                  | Str+5 Int+3}
 42318 | Elf:3    | Identified Sif Muna's Reference Book on Creative
                  | Weightlessness
 42360 | Elf:3    | Identified the cursed +0 shortbow "Viarepig" {velocity, rC+
                  | Int+3 Dex+4}
 42690 | Depths:1 | Entered Level 1 of the Depths
 42718 | Depths:1 | Found Jiukam's Weapon Shop.
 42768 | Depths:1 | Found Huoll's Antique Armour Boutique.
 42798 | Depths:1 | Bought a brightly glowing ring mail for 279 gold pieces
 42798 | Depths:1 | Identified the +1 ring mail of Vusazad {+Fly rPois MR-
                  | Str+8} (You bought it in a shop on level 1 of the Depths)
 42818 | Depths:1 | Reached skill level 14 in Staves
 43034 | Depths:1 | Learned a level 8 spell: Chain Lightning
 43215 | Depths:1 | Noticed Mara
 43353 | Depths:1 | Identified the +2 large shield "Pyalor" {-Tele rElec
                  | Stlth+}
 43386 | Depths:1 | Identified the +1 pair of gloves of Kung {rF+}
 43751 | Depths:1 | Found a one-way gate leading to the halls of Pandemonium.
 43805 | Depths:1 | Found a gateway to Hell.
 43969 | Depths:1 | Noticed zoran's illusion
 43973 | Depths:1 | Noticed Asterion
 43973 | Depths:1 | Killed Mara
 43974 | Depths:1 | Reached XP level 22. HP: 123/172 MP: 39/40
 43979 | Depths:1 | Killed Asterion
 44479 | Depths:2 | Noticed Saint Roka
 44491 | Depths:2 | Killed Saint Roka
 44706 | Depths:2 | Reached skill level 15 in Spellcasting
 44715 | Depths:2 | Identified the +4 faerie dragon scales {+Fly rCorr}
 44715 | Depths:2 | Noticed the Enchantress
 44721 | Depths:2 | Killed the Enchantress
 44731 | Depths:2 | Reached skill level 15 in Dodging
 44731 | Depths:2 | Reached skill level 15 in Stealth
 45378 | Depths:2 | Found Ziowk's General Store.
 45934 | Depths:3 | Noticed a golden dragon
 45944 | Depths:3 | Killed a golden dragon
 46002 | Depths:3 | Reached XP level 23. HP: 117/179 MP: 8/42
 46329 | Depths:3 | Identified the cursed +0 quarterstaff "Gnoll's Foe"
                  | {protect, rF- MR++}
 46373 | Depths:4 | Noticed Jory
 46398 | Depths:3 | Killed Jory
 46857 | Depths:3 | Reached skill level 15 in Fighting
 46857 | Depths:3 | Reached skill level 15 in Short Blades
 46857 | Depths:3 | Reached skill level 15 in Long Blades
 46857 | Depths:3 | Reached skill level 15 in Axes
 46857 | Depths:3 | Reached skill level 15 in Maces & Flails
 46857 | Depths:3 | Reached skill level 15 in Polearms
 46857 | Depths:3 | Reached skill level 15 in Staves
 46857 | Depths:3 | Reached skill level 15 in Slings
 46857 | Depths:3 | Reached skill level 15 in Bows
 46857 | Depths:3 | Reached skill level 15 in Crossbows
 46857 | Depths:3 | Reached skill level 15 in Throwing
 46857 | Depths:3 | Reached skill level 15 in Armour
 46857 | Depths:3 | Reached skill level 15 in Shields
 46857 | Depths:3 | Reached skill level 15 in Unarmed Combat
 46857 | Depths:3 | Reached skill level 15 in Evocations
 47453 | Depths:3 | Found a gateway to a ziggurat.
 48582 | Depths:4 | Noticed Sojobo
 48592 | Depths:4 | Killed Sojobo
 48884 | Depths:4 | Reached XP level 24. HP: 189/189 MP: 42/42
 49375 | Depths:4 | Found a stormy altar of Qazlal.
 49529 | Depths:4 | Found a one-way gate to the infinite horrors of the Abyss.
 49626 | Depths:5 | Entered Level 5 of the Depths
 49852 | Depths:5 | Learned a level 7 spell: Mana Rupture
 49920 | Depths:5 | Noticed a juggernaut
 49928 | Depths:5 | Killed a juggernaut
 50416 | Depths:5 | Found a gate to the Realm of Zot.
 50684 | Depths:5 | Found Goles's Assorted Antiques.
 51016 | Depths:5 | Found Lyfi's Jewellery Emporium.
 51019 | Depths:5 | Found Esoore's Gadget Shop.
 51020 | Depths:5 | Found Zeonucsadgh's Jewellery Emporium.
 51505 | Vaults:3 | Entered Level 3 of the Vaults
 51509 | Vaults:3 | Noticed a juggernaut
 51889 | Lair:6   | Reached XP level 25. HP: 186/197 MP: 40/43
 51975 | Slime:1  | Entered Level 1 of the Pits of Slime
 51981 | Slime:2  | Noticed Dissolution
 51991 | Slime:1  | Killed Dissolution
 52295 | Slime:3  | Reached skill level 16 in Staves
 52856 | Slime:5  | Entered Level 5 of the Pits of Slime
 53105 | Slime:5  | Noticed the Royal Jelly
 53544 | Slime:5  | Found a viscous altar of Jiyva.
 53819 | Slime:5  | Killed the Royal Jelly
 53956 | Slime:5  | Identified Quyt's Papyrus of Feathers and Fire
 53982 | Slime:5  | Identified the cursed +1 trident of Awkwardness {pierce,
                  | Str+4}
 54000 | Slime:5  | Identified the amulet "Erocom" {Rage rF+ rN++}
 54033 | Slime:5  | Identified the cursed +0 helmet of Misanthropy {rPois}
 54034 | Slime:5  | Identified the cursed +1 war axe of Purpose {vamp, Str+4
                  | SInv}
 54071 | Slime:5  | Got a slimy rune of Zot
 54455 | Orc      | Bought a scroll of enchant armour for 97 gold pieces
 54455 | Orc      | Bought a scroll of enchant armour for 97 gold pieces
 54732 | Depths:5 | Bought a box of beasts for 280 gold pieces
 54781 | Zot:1    | Entered Level 1 of the Realm of Zot
 55557 | Zot:2    | Noticed a Killer Klown
 55572 | Zot:1    | Killed a Killer Klown
 55619 | Zot:2    | Noticed a Killer Klown
 55621 | Zot:2    | Reached XP level 26. HP: 167/206 MP: 28/44
 55624 | Zot:2    | Killed a Killer Klown
 55625 | Zot:2    | Reached skill level 15 in Air Magic
 55951 | Zot:2    | Noticed a Killer Klown
 55953 | Zot:2    | Noticed a Killer Klown
 55954 | Zot:2    | Killed a Killer Klown
 55955 | Zot:2    | Killed a Killer Klown
 55961 | Zot:2    | Noticed a Killer Klown
 55970 | Zot:2    | Killed a Killer Klown
 55975 | Zot:2    | Noticed a Killer Klown
 55980 | Zot:2    | Reached skill level 17 in Staves
 55988 | Zot:2    | Killed a Killer Klown
 57039 | Zot:2    | Identified the +3 scale mail "Jiet" {*Contam +Blink rC++
                  | rCorr}
 57195 | Zot:3    | Noticed an orb of fire
 57389 | Zot:3    | Killed an orb of fire
 57473 | Zot:3    | Reached XP level 27. HP: 150/214 MP: 44/44
 57543 | Zot:3    | Learned a level 9 spell: Fire Storm
 57649 | Zot:3    | Noticed a golden dragon
 57656 | Zot:3    | Killed a golden dragon
 58096 | Zot:3    | Noticed a golden dragon
 58098 | Zot:3    | Reached skill level 18 in Staves
 58105 | Zot:3    | Killed a golden dragon
 58343 | Zot:3    | Reached skill level 15 in Conjurations
 58413 | Zot:3    | Noticed a golden dragon
 58421 | Zot:3    | Killed a golden dragon
 58504 | Zot:3    | Noticed a golden dragon
 58514 | Zot:3    | Killed a golden dragon
 58530 | Zot:3    | Noticed a golden dragon
 58541 | Zot:3    | Killed a golden dragon
 58618 | Zot:3    | Noticed a golden dragon
 58619 | Zot:3    | Noticed a golden dragon
 58625 | Zot:3    | Killed a golden dragon
 58634 | Zot:3    | Reached skill level 15 in Hexes
 58634 | Zot:3    | Reached skill level 15 in Charms
 58634 | Zot:3    | Reached skill level 15 in Summonings
 58634 | Zot:3    | Reached skill level 15 in Necromancy
 58634 | Zot:3    | Reached skill level 15 in Translocations
 58634 | Zot:3    | Reached skill level 15 in Transmutations
 58634 | Zot:3    | Reached skill level 15 in Fire Magic
 58634 | Zot:3    | Reached skill level 15 in Ice Magic
 58634 | Zot:3    | Reached skill level 15 in Earth Magic
 58634 | Zot:3    | Reached skill level 15 in Poison Magic
 58639 | Zot:3    | Killed a golden dragon
 58762 | Zot:3    | Identified the +4 dragonskin cloak
 58762 | Zot:3    | Noticed Tiamat
 59056 | Zot:3    | Noticed a golden dragon
 59056 | Zot:3    | Noticed a golden dragon
 59064 | Zot:3    | Killed a golden dragon
 59069 | Zot:3    | Killed a golden dragon
 59162 | Zot:3    | HP: 6/322 [Tiamat/+2 vampiric demon trident (39)]
 59162 | Zot:3    | HP: 2/322 [Tiamat/+2 vampiric demon trident (4)]
 60291 | Zot:5    | Entered Level 5 of the Realm of Zot
 61168 | Zot:5    | Reached skill level 19 in Staves
 61344 | Zot:5    | Noticed an ancient lich
 61348 | Zot:5    | Killed an ancient lich
 61463 | Zot:5    | Noticed an orb of fire
 61464 | Zot:5    | Noticed an ancient lich
 61470 | Zot:5    | Killed an ancient lich
 61486 | Zot:5    | Lost mutation: You are covered in fur. (AC +1) [an orb of
                  | fire]
 61496 | Zot:5    | Killed an orb of fire
 61502 | Zot:5    | Noticed an ancient lich
 61573 | Zot:5    | Noticed an ancient lich
 61578 | Zot:5    | Killed an ancient lich
 61622 | Zot:5    | Noticed a Killer Klown
 61633 | Zot:5    | Killed a Killer Klown
 61812 | Zot:5    | Noticed an ancient lich
 61820 | Zot:5    | Killed an ancient lich
 61828 | Zot:5    | Noticed a Killer Klown
 61840 | Zot:5    | Noticed an orb of fire
 61841 | Zot:5    | Killed a Killer Klown
 61848 | Zot:5    | Gained mutation: Scrolls take you a little longer to read.
                  | [an orb of fire]
 61851 | Zot:5    | Gained mutation: You are weak. (Str -2) [an orb of fire]
 61855 | Zot:5    | Lost mutation: You have sharp toenails. [an orb of fire]
 61856 | Zot:5    | Killed an orb of fire
 61956 | Zot:5    | Lost mutation: You are weak. (Str -2) [potion of mutation]
 61956 | Zot:5    | Lost mutation: Scrolls take you a little longer to read.
                  | [potion of mutation]
 61956 | Zot:5    | Gained mutation: You are weak. (Str -2) [potion of
                  | mutation]
 61956 | Zot:5    | Gained mutation: You are partially covered in slimy green
                  | scales. (AC +2) [potion of mutation]
 61956 | Zot:5    | Gained mutation: You expend magic power (3 MP) to
                  | strengthen your wands. [potion of mutation]
 61956 | Zot:5    | Gained mutation: You are mostly covered in slimy green
                  | scales. (AC +3) [potion of mutation]
 61993 | Zot:5    | Noticed a golden dragon
 62010 | Zot:5    | Killed a golden dragon
 62020 | Zot:5    | Killed an ancient lich
 62302 | Zot:5    | Noticed a Killer Klown
 62313 | Zot:5    | Killed a Killer Klown
 62370 | Zot:5    | Noticed an ancient lich
 62372 | Zot:5    | Noticed an ancient lich
 62376 | Zot:5    | Killed an ancient lich
 62377 | Zot:5    | Reached skill level 20 in Staves
 62379 | Zot:5    | Killed an ancient lich
 62428 | Zot:5    | Noticed an orb of fire
 62430 | Zot:5    | Gained mutation: Your magical capacity is low. (-10% MP)
                  | [an orb of fire]
 62436 | Zot:5    | Gained mutation: You are dopey. (Int -2) [an orb of fire]
 62445 | Zot:5    | Gained mutation: You are very dopey. (Int -4) [an orb of
                  | fire]
 62449 | Zot:5    | Killed an orb of fire
 62539 | Zot:5    | Lost mutation: You are weak. (Str -2) [potion of mutation]
 62539 | Zot:5    | Lost mutation: You are very dopey. (Int -4) [potion of
                  | mutation]
 62539 | Zot:5    | Gained mutation: You can translocate small distances at
                  | will. [potion of mutation]
 62539 | Zot:5    | Gained mutation: Your spells are a little harder to cast,
                  | but a little more powerful. [potion of mutation]
 62539 | Zot:5    | Gained mutation: Your flesh is cold resistant. (rC+)
                  | [potion of mutation]
 62540 | Zot:5    | Lost mutation: You can translocate small distances at will.
                  | [potion of mutation]
 62540 | Zot:5    | Lost mutation: Your magical capacity is low. (-10% MP)
                  | [potion of mutation]
 62540 | Zot:5    | Lost mutation: Your spells are a little harder to cast, but
                  | a little more powerful. [potion of mutation]
 62540 | Zot:5    | Lost mutation: You are dopey. (Int -2) [potion of mutation]
 62540 | Zot:5    | Gained mutation: You are clumsy. (Dex -2) [potion of
                  | mutation]
 62540 | Zot:5    | Gained mutation: You have a pair of small antennae on your
                  | head. [potion of mutation]
 62677 | Zot:5    | Got the Orb of Zot
 62976 | D:10     | Gained mutation: Scrolls take you a little longer to read.
                  | [a cacodemon]
 62980 | D:10     | Found the +1 pair of gauntlets of War {Slay+6}
 62980 | D:10     | Noticed Erolcha
 63189 | D:$      | Escaped with the Orb!

Skill      XL: |  1  2  3  4  5  6  7  8  9 10 11 12 13 14 15 16 17 18 19 20 21 22 23 24 25 26 27 |
---------------+----------------------------------------------------------------------------------+-----
Conjurations   | 2 3 4 5 6 7 8 9 10 11 12 13 14 16 | 16.0
Spellcasting   | 5 6 7 8 9 10 11 12 13 14 15 16 17 18 | 18.8
Invocations    | 1 2 3 4 5 6 7 8 9 10 11 12 13 14 15 16 17 18 19 | 19.7
Fighting       | 1 2 3 4 5 6 7 8 9 10 11 12 13 14 15 16 17 18 | 18.4
Short Blades   | 1 2 3 4 5 6 7 8 9 10 11 12 13 14 15 16 17 18 | 18.4
Long Blades    | 1 2 3 4 5 6 7 8 9 10 11 12 13 14 15 16 17 18 | 18.4
Axes           | 1 2 3 4 5 6 7 8 9 10 11 12 13 14 15 16 17 18 | 18.4
Maces & Flails | 1 2 3 4 5 6 7 8 9 10 11 12 13 14 15 16 17 18 | 18.4
Polearms       | 1 2 3 4 5 6 7 8 9 10 11 12 13 14 15 16 17 18 | 18.4
Staves         | 1 2 3 4 5 6 7 8 9 10 11 12 13 14 15 16 17 20 | 20.2
Slings         | 1 2 3 4 5 6 7 8 9 10 11 12 13 14 15 16 17 18 | 18.4
Bows           | 1 2 3 4 5 6 7 8 9 10 11 12 13 14 15 16 17 18 | 18.4
Crossbows      | 1 2 3 4 5 6 7 8 9 10 11 12 13 14 15 16 17 18 | 18.4
Throwing       | 1 2 3 4 5 6 7 8 9 10 11 12 13 14 15 16 17 18 | 18.4
Armour         | 1 2 3 4 5 6 7 8 9 10 11 12 13 14 15 16 17 18 | 18.4
Shields        | 1 2 3 4 5 6 7 8 9 10 11 12 13 14 15 16 17 18 | 18.4
Unarmed Combat | 1 2 3 4 5 6 7 8 9 10 11 12 13 14 15 16 17 18 | 18.4
Evocations     | 1 2 3 4 5 6 7 8 9 10 11 12 13 14 15 16 17 18 | 18.4
Hexes          | 1 2 3 4 5 6 7 8 9 10 11 12 13 14 15 | 15.8
Charms         | 1 2 3 4 5 6 7 8 9 10 11 12 13 14 15 | 15.8
Summonings     | 1 2 3 4 5 6 7 8 9 10 11 12 13 14 15 | 15.8
Necromancy     | 1 2 3 4 5 6 7 8 9 10 11 12 13 14 15 | 15.8
Translocations | 1 2 3 4 5 6 7 8 9 10 11 12 13 14 15 | 15.8
Transmutations | 1 2 3 4 5 6 7 8 9 10 11 12 13 14 15 | 15.8
Fire Magic     | 1 2 3 4 5 6 7 8 9 10 11 12 13 14 15 | 15.8
Ice Magic      | 1 2 3 4 5 6 7 8 9 10 11 12 13 14 15 | 15.8
Earth Magic    | 1 2 3 4 5 6 7 8 9 10 11 12 13 14 15 | 15.8
Poison Magic   | 1 2 3 4 5 6 7 8 9 10 11 12 13 14 15 | 15.8
Dodging        | 5 6 7 8 9 10 11 12 13 14 15 16 17 18 | 18.8
Stealth        | 5 6 7 8 9 10 11 12 13 14 15 16 17 18 | 18.8
Air Magic      | 6 7 8 9 10 11 12 13 14 15 16 | 16.5

Action                   |  1- 3 |  4- 6 |  7- 9 | 10-12 | 13-15 | 16-18 | 19-21 | 22-24 | 25-27 || total
-------------------------+-------+-------+-------+-------+-------+-------+-------+-------+-------++-------
Melee: Whip              |       |    11 |    70 |    46 |   509 |   248 |       |       |       ||   884
       Bite              |       |       |     9 |    21 |   142 |   214 |   138 |   161 |   178 ||   863
       Punch             |       |       |     1 |     3 |       |       |       |       |       ||     4
       Short sword       |       |       |     6 |    58 |       |       |       |       |       ||    64
       Kick              |       |       |       |       |    11 |       |       |       |       ||    11
       Demon trident     |       |       |       |       |       |   586 |   517 |       |       ||  1103
       Broad axe         |       |       |       |       |       |       |    90 |   646 |   761 ||  1497
 Fire: Blowgun           |       |       |       |       |     1 |     2 |       |       |       ||     3
 Cast: Shock             |    66 |   107 |   126 |   165 |   232 |   213 |    86 |    67 |    19 ||  1081
       Static Discharge  |       |     6 |    32 |   115 |   167 |   167 |    69 |    22 |       ||   578
       Airstrike         |       |     2 |    25 |    40 |    94 |   106 |   466 |   104 |   119 ||   956
       Lightning Bolt    |       |       |     3 |     5 |    48 |    33 |    20 |    56 |   108 ||   273
       Freezing Cloud    |       |       |       |       |    31 |    35 |    58 |    53 |     8 ||   185
       Steam Barrier     |       |       |       |       |     8 |     4 |       |       |     4 ||    16
       Iron Shot         |       |       |       |       |    14 |    11 |    15 |    66 |   231 ||   337
       Regeneration      |       |       |       |       |     2 |     8 |     2 |     9 |     3 ||    24
       Dispel Undead     |       |       |       |       |       |    33 |       |    10 |    27 ||    70
       Chain Lightning   |       |       |       |       |       |       |       |     4 |    13 ||    17
       Mana Rupture      |       |       |       |       |       |       |       |     1 |     3 ||     4
       Fire Storm        |       |       |       |       |       |       |       |       |     1 ||     1
Invok: Defer             |       |       |     1 |     1 |       |       |       |       |       ||     2
       Step From Time    |       |       |       |       |       |       |       |     2 |     3 ||     5
       Bend Time         |       |       |       |       |       |       |       |       |     1 ||     1
Evoke: Wand              |       |       |       |     7 |    23 |    17 |    15 |    13 |    28 ||   103
       Sack of spiders   |       |       |       |       |       |       |     2 |     3 |     4 ||     9
       Phial of floods   |       |       |       |       |       |       |       |     2 |     1 ||     3
       Phantom mirror    |       |       |       |       |       |       |       |     1 |       ||     1
       Lamp of fire      |       |       |       |       |       |       |       |     1 |     4 ||     5
       Box of beasts     |       |       |       |       |       |       |       |       |     2 ||     2
       Fan of gales      |       |       |       |       |       |       |       |       |     1 ||     1
  Use: Potion            |       |     5 |       |     1 |     5 |       |     1 |     2 |    12 ||    26
       Scroll            |       |     3 |     5 |     8 |    16 |    23 |     4 |     4 |    22 ||    85
 Stab: Sleeping          |       |       |     3 |     3 |    25 |     3 |     6 |     2 |     8 ||    50
       Paralysed         |       |       |       |     1 |     2 |    15 |       |       |       ||    18
       Distracted        |       |       |       |       |     2 |     6 |     3 |     2 |     3 ||    16
       Confused          |       |       |       |       |       |       |       |     6 |       ||     6
  Eat: Chunk             |     2 |     6 |    14 |    22 |    45 |    32 |    37 |    33 |    19 ||   210
       Ration            |       |       |     1 |       |     5 |     6 |     5 |     5 |    10 ||    32
Armor: Robe              |     2 |    12 |     7 |       |       |       |       |       |       ||    21
       Ring mail         |       |       |    34 |    49 |       |       |       |       |       ||    83
       Leather armour    |       |       |       |     6 |    27 |       |       |       |       ||    33
       Acid dragon scale |       |       |       |       |    63 |   196 |    61 |   145 |   158 ||   623
       Skin              |       |       |       |       |       |       |       |       |     2 ||     2
Dodge: Dodged            |     6 |    37 |   101 |   253 |   545 |   975 |   476 |   699 |   724 ||  3816
Block: Buckler           |       |       |       |    49 |   391 |   667 |   371 |   597 |   702 ||  2777
       Reflection        |       |       |       |       |    20 |    43 |    78 |    59 |    13 ||   213
